 Dungeon Crawl Stone Soup version 0.22.1-1-ga44c0e56f4 (webtiles) character file.

550 DildoBatman the Conjurer (level 7, -5/50 HPs)
             Began as a Formicid Wizard on Oct 25, 2018.
             Was an Initiate of Kikubaaqudgha.
             Shot with an arrow by a centaur (13 damage)
             ... on level 7 of the Dungeon.
             The game lasted 00:19:29 (6081 turns).

DildoBatman the Conjurer (Formicid Wizard)          Turns: 6081, Time: 00:19:30

Health: -5/50      AC:  5    Str: 11    XL:     7   Next: 54%
Magic:  6/11       EV: 11    Int: 30    God:    Kikubaaqudgha [......]
Gold:   421        SH:  0    Dex:  9    Spells: 6/12 levels left

rFire    . . .     SeeInvis +   a - +5 dagger (venom)
rCold    . . .     Gourm    .   (no shield)
rNeg     . . .     Faith    .   C - +2 leather armour of Sehat {Int+4}
rPois    .         Spirit   .   (helmet unavailable)
rElec    .         Reflect  .   (no cloak)
rCorr    .         Harm     .   (no gloves)
MR       .....                  (no boots)
Stlth    +.........             (no amulet)
HPRegen  0.16/turn              B - +6 ring of intelligence
MPRegen  0.12/turn              (no ring)

@: confused
A: permanent stasis, dig shafts and tunnels, four strong arms, antennae 3
a: Dig, Shaft Self, Renounce Religion


You were on level 7 of the Dungeon.
You worshipped Kikubaaqudgha.
Kikubaaqudgha was noncommittal.
You were very hungry.

You visited 2 branches of the dungeon, and saw 8 of its levels.

You collected 421 gold pieces.

Inventory:

Hand Weapons
 a - a +5 dagger of venom (weapon)
 b - a +0 dagger of electrocution
 c - a +0 short sword of holy wrath
Missiles
 d - 36 bolts
 h - 167 stones (quivered)
 l - 4 needles of confusion
 o - 36 poisoned needles
 s - 45 arrows
 F - 35 sling bullets
 H - 3 tomahawks
Armour
 f - a +0 shield
 k - a +2 leather armour of poison resistance
 C - the +2 leather armour of Sehat (worn) {Int+4}
   (You found it on level 5 of the Dungeon)

   It affects your intelligence (+4).
 E - a cursed +0 robe
Jewellery
 B - a +6 ring of intelligence (left hand)
Wands
 t - a wand of scattershot (4)
 D - a wand of disintegration (17)
Scrolls
 m - a scroll of blinking {unknown}
 p - 4 scrolls of amnesia {unknown}
 q - 2 scrolls of random uselessness {unknown}
 r - a scroll of enchant armour {unknown}
 w - 2 scrolls of fog {unknown}
 x - 2 scrolls of remove curse
 z - 4 scrolls of identify
 G - a scroll of acquirement {unknown}
 I - a scroll of vulnerability {unknown}
Potions
 e - a potion of magic {unknown}
 g - 6 potions of curing {unknown}
 j - 3 potions of lignification {unknown}
 n - a potion of haste {unknown}
 u - a potion of brilliance {unknown}
 y - 3 potions of heal wounds {unknown}
 A - a potion of flight {unknown}
Comestibles
 v - 10 rations


   Skills:
 - Level 2.0 Fighting
 - Level 2.0 Short Blades
 - Level 2.1 Armour
 - Level 2.0 Dodging
 - Level 3.0 Stealth
 - Level 3.2 Spellcasting
 - Level 4.0 Conjurations
 * Level 2.5 Hexes
   Level 1.0 Summonings
   Level 0.8 Translocations
 * Level 1.6 Air Magic
 * Level 3.0 Poison Magic


You had 6 spell levels left.
You knew the following spells:

 Your Spells              Type           Power        Failure   Level  Hunger
a - Slow                  Hex            ###.....     4%          2    #......
c - Magic Dart            Conj           ####         1%          1    None
e - Mephitic Cloud        Conj/Pois/Air  ###.....     9%          3    ##.....

Your spell library contained the following spells:

 Spells                   Type           Power        Failure   Level  Hunger
 Shock                    Conj/Air       ###.         3%          1    None
 Static Discharge         Conj/Air       ###.....     9%          3    ##.....
 Call Imp                 Summ           ##......     10%         2    #......
 Swiftness                Chrm/Air       #.......     10%         2    #......
 Conjure Flame            Conj/Fire      ###.....     12%         3    ##.....
 Airstrike                Air            ##........   43%         4    ####...
 Lightning Bolt           Conj/Air       ###.......   63%         5    ######.
 Blink                    Tloc           Unusable     N/A         2    N/A

Dungeon Overview and Level Annotations

Branches:
Dungeon (7/15)             Temple (1/1) D:6

Altars:
Ashenzari
Elyvilon
Fedhas
Gozag
Hepliaklqana
Kikubaaqudgha
Okawaru
Qazlal
Trog
Uskayaw
Wu Jian
Xom
Yredelemnul
Zin
The Shining One

Shops:
D:6 *

Annotations:
D:1 Jessica
D:2 1 exclusion
D:5 exclusion: phantom
D:7 Harold


Innate Abilities, Weirdness & Mutations

You cannot be hasted, slowed, berserked, paralysed or teleported.
You can dig through walls and to a lower floor.
Your four strong arms can wield two-handed weapons with a shield.
You have a pair of large antennae on your head. (SInv)


Message History

You are engulfed in noxious fumes.
You choke on the stench!
You are confused.
You hear a shout!
Harold is engulfed in noxious fumes.
Harold hits you with a hand axe!
You hit Harold but do no damage.
Harold is poisoned.
Harold is lightly wounded.
You are engulfed in noxious fumes.
You choke on the stench!
You are more confused.
Harold is engulfed in noxious fumes.
Harold appears confused.
The centaur shoots an arrow.
The arrow hits you.
The centaur shoots an arrow.
The arrow hits you!
You die...
Kikubaaqudgha rasps: "You have failed me!
Welcome... death!"

...... ##. ....[.
#.. ...... { #.#
....#.### #.#
........### #.###
......c§@.######...#
.....§§............#
.....§.§...........#
...!##.@#####.....<#
# #.##...####.##...#
#......(....##...#
###.##.#######...# {
#. #.# ##### { ##
#.. { .## { . #.


You could see Harold (confused) and a centaur.

Vanquished Creatures
  A bullfrog (D:6)
  A crimson imp (D:5)
  A bullfrog zombie (D:6)
  An orc priest (D:6)
  An orc wizard (D:6)
  A centaur skeleton (D:6)
  An iguana (D:4)
  4 worker ants
  Robin (D:4)
  A worker ant zombie (D:5)
  7 adders
  A shadow imp (D:6)
  3 worms
  An adder skeleton (D:5)
  3 dart slugs
  4 leopard geckos
  9 orcs
  3 ball pythons (D:1)
  4 giant cockroaches
  16 goblins
  9 hobgoblins
  2 jackals (D:3)
  4 kobolds
  A quokka (D:2)
  8 bats
  5 frilled lizards
  A leopard gecko skeleton (D:6)
  8 rats
  2 butterflies (D:2)
104 creatures vanquished.

Notes
Turn   | Place    | Note
-------+----------+-------------------------------------------
     0 | D:1      | DildoBatman the Formicid Wizard began the quest for the
                  | Orb.
     0 | D:1      | Reached XP level 1. HP: 13/13 MP: 4/4
     4 | D:1      | Reached skill level 1 in Conjurations
   132 | D:1      | Reached XP level 2. HP: 19/19 MP: 0/6
   190 | D:1      | Reached skill level 2 in Conjurations
   511 | D:1      | Reached XP level 3. HP: 24/24 MP: 2/7
   515 | D:1      | Learned a level 2 spell: Slow
   519 | D:1      | Learned a level 3 spell: Mephitic Cloud
   824 | D:1      | Reached skill level 3 in Conjurations
   989 | D:2      | Reached XP level 4. HP: 25/30 MP: 3/8
  1257 | D:2      | Noticed Jessica
  1293 | D:2      | Found a shimmering altar of Xom.
  2062 | D:3      | Reached skill level 4 in Conjurations
  2062 | D:3      | Reached XP level 5. HP: 27/35 MP: 7/9
  2380 | D:3      | Found a white marble altar of Elyvilon.
  2791 | D:4      | Noticed Robin
  2908 | D:4      | HP: 1/35 [worker ant (3)]
  3246 | D:4      | Got a warped chain mail
  3257 | D:4      | Identified the +1 chain mail of Bedghus {rC+ MR- Str+4
                  | Stlth+} (You found it on level 4 of the Dungeon)
  3344 | D:4      | Reached skill level 1 in Poison Magic
  3462 | D:4      | Killed Robin
  3462 | D:4      | Reached XP level 6. HP: 26/42 MP: 10/10
  3466 | D:4      | Reached skill level 1 in Armour
  3535 | D:4      | Reached skill level 1 in Fighting
  3647 | D:5      | Entered Level 5 of the Dungeon
  3658 | D:5      | Reached skill level 1 in Hexes
  3687 | D:5      | Reached skill level 1 in Short Blades
  3838 | D:5      | Got a warped leather armour
  3849 | D:5      | Identified the +2 leather armour of Sehat {Int+4} (You
                  | found it on level 5 of the Dungeon)
  3908 | D:5      | Noticed a phantom
  3994 | D:5      | Reached skill level 1 in Air Magic
  4204 | D:5      | Found a shimmering altar of Xom.
  5035 | D:6      | Reached XP level 7. HP: 40/48 MP: 11/11
  5097 | D:6      | Found a staircase to the Ecumenical Temple.
  5102 | Temple   | Entered the Ecumenical Temple
  5420 | Temple   | Became a worshipper of Kikubaaqudgha
  5743 | D:6      | Found a glowing silver altar of Zin.
  5744 | D:6      | Found Zin's Purification Station.
  6076 | D:7      | Noticed Harold
  6081 | D:7      | Shot with an arrow by a centaur

Skill      XL: |  1  2  3  4  5  6  7 |
---------------+----------------------+-----
Conjurations   | 1 2 3 4 |  4.0
Dodging        | 2 |  2.0
Poison Magic   | 1 2 3 |  3.0
Armour         | 1 2 |  2.1
Fighting       | 1 2 |  2.0
Stealth        | 3 |  3.0
Hexes          | 1 2 |  2.5
Short Blades   | 1 2 |  2.0
Air Magic      | 1 |  1.6
Spellcasting   | |  3.2
Summonings     | |  1.0
Translocations | |  0.8

Action                   |  1- 3 |  4- 6 |  7- 9 || total
-------------------------+-------+-------+-------++-------
Melee: Unarmed           |    26 |       |       ||    26
       Dagger            |    13 |   111 |    45 ||   169
 Cast: Magic Dart        |    73 |   104 |    22 ||   199
       Mephitic Cloud    |       |     5 |     1 ||     6
 Abil: Dig               |     1 |    11 |       ||    12
Evoke: Wand              |       |     1 |       ||     1
  Use: Scroll            |       |     3 |       ||     3
 Stab: Sleeping          |       |     4 |       ||     4
  Eat: Chunk             |       |    13 |     1 ||    14
       Ration            |       |     1 |       ||     1
Armor: Robe              |    20 |     2 |       ||    22
       Leather armour    |       |    16 |    10 ||    26
Dodge: Dodged            |    58 |    43 |    23 ||   124
